 Dungeon Crawl Stone Soup version 0.28-a0-1382-g92835e5c71 (webtiles) character file.

Game seed: 14544445499605680449

53 rogsnak the Gusty (level 3, -1/24 HPs)
             Began as a Demonspawn Air Elementalist on Jan 1, 2022.
             Slain by Crazy Yiuf (11 damage)
             ... on level 2 of the Dungeon.
             The game lasted 00:02:38 (2081 turns).

rogsnak the Gusty (Demonspawn Air Elementalist)     Turns: 2081, Time: 00:02:38

Health: -1/24      AC:  2    Str:  8    XL:     3   Next: 64%
Magic:  5/6        EV: 12    Int: 18    God:
Gold:   74         SH:  0    Dex: 13    Spells: 5/6 levels left

rFire   . . .      SeeInvis .   e - +2 dagger (elec)
rCold   . . .      Faith    .   (no shield)
rNeg    . . .      Spirit   .   a - +0 robe
rPois   .          Reflect  .   (no helmet)
rElec   .          Harm     .   (no cloak)
rCorr   .          Rampage  .   (no gloves)
Will    .....                   (no boots)
Stlth   ++........              (no amulet)
HPRegen 0.08/turn               (no ring)
MPRegen 0.10/turn               (no ring)

@: no status effects
A: foul stench 1
a: no special abilities


You were on level 2 of the Dungeon.
You visited 1 branch of the dungeon, and saw 2 of its levels.

You collected 74 gold pieces.

Inventory:

Hand Weapons
 b - a +0 short sword
 e - a +2 dagger of electrocution (weapon)
Armour
 a - a +0 robe (worn)
Scrolls
 c - a scroll of teleportation {unknown}
 d - 2 scrolls of torment {unknown}
 g - a scroll of enchant weapon {unknown}
 j - a scroll of enchant armour {unknown}
Potions
 f - a potion of haste {unknown}
 h - a potion of curing {unknown}
 i - a potion of flight {unknown}


   Skills:
 + Level 2.0 Dodging
 - Level 1.7 Stealth
 + Level 2.3 Spellcasting
 * Level 2.1 Conjurations
 + Level 3.4 Air Magic


You had 5 spell levels left.
You knew the following spells:

 Your Spells              Type           Power      Damage    Failure   Level
a - Shock                 Conj/Air       48%        1d6       5%          1

Your spell library contained the following spells:

 Spells                   Type           Power      Damage    Failure   Level
 Static Discharge         Conj/Air       12%        N/A       9%          2
 Swiftness                Air            14%        N/A       13%         3
 Airstrike                Air            7%         N/A       38%         4


Dungeon Overview and Level Annotations

Branches:
Dungeon (2/15)

Altars:

Annotations:
D:2 Crazy Yiuf


Innate Abilities, Weirdness & Mutations

You may rarely emit foul miasma when damaged in melee.


Message History

Found a stone staircase leading down.
You see here 26 arrows.
There is a stone staircase leading down here.
You see here a +0 whip.
A giant cockroach comes into view.
Casting: Shock (safe; 5% risk of failure)
Confirm with . or Enter, or press ? or * to list all spells.
Aiming: Shock (safe; 5% risk of failure)
Press: ? - help, Shift-Dir - straight line, f - giant cockroach
Aim: a giant cockroach (asleep, 100% to hit)
The zap hits the giant cockroach.
You kill the giant cockroach!
Casting: Shock (safe; 5% risk of failure)
Confirm with . or Enter, or press ? or * to list all spells.
You can't see any susceptible monsters within range! (Use Z to cast anyway.) Unknown command.
Found a mace.
Found a runed translucent door.
Casting: Shock (safe; 5% risk of failure)
Confirm with . or Enter, or press ? or * to list all spells.
You don't know that spell.
Crazy Yiuf shouts!
You open the door.
Crazy Yiuf cries, "Buddy!
Castle eyeball testudinal."
Crazy Yiuf says, "I'm not crazy!"
Crazy Yiuf says, "Trifle action ragdoll!"
Crazy Yiuf hits you with a +2 quarterstaff of chaos!
Ouch! That really hurt!
Crazy Yiuf burns you.
Crazy Yiuf cries, "Announcement!"
Crazy Yiuf grits, "Goldfish alas sing-song!"
Casting: Shock (safe; 5% risk of failure)
Confirm with . or Enter, or press ? or * to list all spells.
Aiming: Shock (safe; 5% risk of failure)
Press: ? - help, Shift-Dir - straight line The zap hits Crazy Yiuf.
Crazy Yiuf is moderately wounded.
The zap hits Crazy Yiuf but does no damage.
Crazy Yiuf is moderately wounded.
Crazy Yiuf hits you with a +2 quarterstaff of chaos!
You die...

...#
##.........#
#..... ...#
..........###
#..... ...#
...........#
#..... ...#
...........##
###### ...#
...........###
...#
.............#
.### ..#######.#
.# ..........#
.# #.#####@###
## #.g.# #.###
#.# ## ♣♣###.#
)..#♣♣ ♣♣P....#
...'.♣♣♣♣.P....#
...#♣..♣.P....##
## ♣♣♣.♣.P..##


You could see Crazy Yiuf.

Vanquished Creatures
  A worm (D:2)
  2 dart slugs
  4 bats
  4 endoplasms
  A giant cockroach (D:2)
  5 goblins
  A hobgoblin (D:1)
  5 kobolds
  5 quokkas
  9 ball pythons
  A frilled lizard (D:1)
  4 rats (D:2)
42 creatures vanquished.

Notes
Turn   | Place    | Note
-------+----------+-------------------------------------------
     0 | D:1      | rogsnak the Demonspawn Air Elementalist began the quest for
                  | the Orb.
     0 | D:1      | Reached XP level 1. HP: 13/13 MP: 3/3
   227 | D:1      | Found a faded altar of an unknown god.
   268 | D:1      | Reached skill level 3 in Air Magic
   417 | D:1      | Gained mutation: You may rarely emit foul miasma when
                  | damaged in melee. [demonic ancestry]
   417 | D:1      | Reached XP level 2. HP: 14/19 MP: 0/5
  1372 | D:2      | Reached XP level 3. HP: 24/24 MP: 2/6
  2062 | D:2      | Found a runed translucent door.
  2063 | D:2      | Noticed Crazy Yiuf
  2081 | D:2      | Slain by Crazy Yiuf

Illustrated notes

Levels and vault maps discovered:
D:1:      sevenhm_arrival_forest_fort_small_4, layout_loops_ring,
          ebering_ecumenical_altar_petrified
D:2:      layout_basic, kennysheep_generic_room_8, uniq_crazy_yiuf_cottage

Skill      XL: |  1  2  3 |
---------------+----------+-----
Air Magic      | 3 |  3.4
Dodging        | 2 |  2.0
Conjurations   | 2 |  2.1
Stealth        | |  1.7
Spellcasting   | |  2.3

Action                   || total
-------------------------++-------
Melee: Short sword       ||     5
       Dagger            ||    16
 Cast: Shock             ||    74
Armor: Robe              ||     3
Dodge: Dodged            ||    19

Table legend: (Time is in decaauts)
 A = Elapsed time spent in this place.
 B = Non-inter-level travel time spent in this place.
 C = Inter-level travel time spent in this place.
 D = Time resting spent in this place.
 E = Time spent auto-exploring this place.
 F = Levels seen in this place.
 G = Mean time per level.
                   A        B        C        D        E       F      G
               +--------+--------+--------+--------+--------+-----+--------+
         Total |   2080 |   2052 |     28 |     30 |   1797 |   2 | 1040.0 |
       Dungeon |   2080 |   2052 |     28 |     30 |   1797 |   2 | 1040.0 |
               +--------+--------+--------+--------+--------+-----+--------+

Top non-repeatable levels by time:
     D:1: 1163 daAuts
     D:2: 916 daAuts
